 Dungeon Crawl Stone Soup version 0.27.1 (webtiles) character file.

Game seed: 14210648207386536850

15630 calewdscratch the Unseen (level 12, -9/66 HPs)
             Began as a Kobold Enchanter on Aug 30, 2021.
             Was a Believer of Dithmenos.
             Mangled by a komodo dragon (19 damage)
             ... on level 2 of the Lair of Beasts on Aug 31, 2021.
             The game lasted 03:12:25 (17072 turns).

calewdscratch the Unseen (Kobold Enchanter)        Turns: 17072, Time: 03:12:26

Health: -9/66      AC:  7    Str:  5    XL:     12   Next: 60%
Magic:  17/19      EV: 20    Int: 18    God:    Dithmenos [**....]
Gold:   475        SH:  0    Dex: 25    Spells: 10/21 levels left

rFire    x . .     SeeInvis .   d - +4 dagger (vamp)
rCold    + . .     Faith    .   (shield restricted)
rNeg     . . .     Spirit   .   G - +2 leather armour {rPois}
rPois    +         Reflect  .   (no helmet)
rElec    .         Harm     .   r - +0 cloak
rCorr    .         Rampage  .   (no gloves)
Will     .....                  m - +0 pair of boots
Stlth    +++++++++.             (no amulet)
HPRegen  0.21/turn              w - +6 ring of dexterity
MPRegen  0.16/turn              A - ring of ice

@: wreathed by umbra
A: small, no large weapons, nightstalker 3
a: Renounce Religion, Shadow Step


You were on level 2 of the Lair of Beasts.
You worshipped Dithmenos.
Dithmenos was pleased with you.
You visited 3 branches of the dungeon, and saw 11 of its levels.

You collected 535 gold pieces.
You spent 60 gold pieces at shops.

Inventory:

Hand Weapons
 d - a +4 vampiric dagger (weapon)
 u - a +1 dagger of draining
 z - a +3 dagger
Missiles
 l - 4 poisoned darts
 L - a throwing net
Armour
 b - a +0 robe
 c - a +0 buckler
 m - a +0 pair of boots (worn)
 r - a +0 cloak (worn)
 G - a +2 leather armour of poison resistance (worn)
 N - the +1 robe "Gunij" {+Blink SInv}
   (You found it on level 2 of the Lair of Beasts)

   SInv:      It lets you see invisible.
   +Blink:    It lets you blink.
Jewellery
 w - a +6 ring of dexterity (left hand)
 A - a ring of ice (right hand)
Wands
 C - a wand of polymorph (6)
 F - a wand of flame (37)
 J - a wand of mindburst (11)
Scrolls
 a - 2 scrolls of teleportation {unknown}
 f - a scroll of noise
 g - a scroll of enchant armour {unknown}
 h - a scroll of summoning {unknown}
 j - a scroll of vulnerability {unknown}
 k - a scroll of fear {unknown}
 o - a scroll of identify
 p - 2 scrolls of immolation
 t - a scroll of amnesia {unknown}
 x - a scroll of magic mapping
 y - a scroll of brand weapon {unknown}
 E - a scroll of holy word {unknown}
 H - a scroll of silence {unknown}
 I - a scroll of blinking {unknown}
Potions
 e - 9 potions of curing
 i - a potion of might
 n - 2 potions of resistance {unknown}
 q - 2 potions of degeneration {unknown}
 s - a potion of cancellation {unknown}
 v - 3 potions of heal wounds
 B - a potion of berserk rage {unknown}
 D - a potion of brilliance {unknown}
 K - a potion of mutation {unknown}
Miscellaneous
 M - a phantom mirror


   Skills:
 + Level 4.2 Fighting
 * Level 9.2 Short Blades
 + Level 3.6 Armour
 * Level 8.3 Dodging
 + Level 15.0 Stealth
 - Level 5.0 Spellcasting
 - Level 5.0 Conjurations
 - Level 5.8 Hexes
 - Level 3.7 Translocations
 - Level 5.0 Ice Magic
 - Level 5.0 Earth Magic


You had 10 spell levels left.
You knew the following spells:

 Your Spells              Type           Power      Damage    Failure   Level
a - Corona                Hex            27%        N/A       1%          1
b - Ensorcelled Hibernat  Hex/Ice        72%        N/A       3%          2
c - Confusing Touch       Hex            25%        N/A       5%          3
d - Stone Arrow           Conj/Erth      44%        3d9       8%          3
e - Blink                 Tloc           N/A        N/A       7%          2

Your spell library contained the following spells:

 Spells                   Type           Power      Damage    Failure   Level
 Apportation              Tloc           36%        N/A       4%          1
 Tukima's Dance           Hex            25%        N/A       5%          3
 Dazzling Flash           Conj/Hex       48%        N/A       7%          3
 Gell's Gravitas          Tloc           9%         N/A       13%         3
 Teleport Other           Tloc           18%        N/A       13%         3
 Animate Skeleton         Necr           8%         N/A       21%         1
 Summon Small Mammal      Summ           16%        N/A       21%         1
 Hailstorm                Conj/Ice       34%        3d9       26%         4
 Ice Form                 Ice/Tmut       20%        N/A       58%         4
 Manifold Assault         Tloc           18%        N/A       77%         5
 Bolt of Magma            Conj/Fire/Erth 8%         4d6       82%         5
 Dispersal                Tloc           9%         N/A       100%        6
 Simulacrum               Ice/Necr       10%        N/A       100%        6
 Storm Form               Tmut/Air       2%         N/A       100%        7
 Shatter                  Erth           11%        3d12*     100%        9


Dungeon Overview and Level Annotations

Branches:
Dungeon (8/15)             Temple (1/1) D:7            Lair (2/6) D:8
  Swamp (0/4) Lair:2        Snake (0/4) Lair:2

Altars:
Ashenzari
Cheibriados
Dithmenos
Elyvilon
Fedhas
Gozag
Hepliaklqana
Kikubaaqudgha
Makhleb
Nemelex Xobeh
Okawaru
Qazlal
Ru
Sif Muna
Trog
Vehumet
Wu Jian
Xom
Yredelemnul
The Shining One

Shops:
D:7 (=!(

Annotations:
Lair:1 exclusion: 2 oklob plants


Innate Abilities, Weirdness & Mutations

You are small and have problems with some larger weapons.
You are completely attuned to the shadows.


Message History

Moving in this stuff is going to be slow.
You enter the shallow water.
Moving in this stuff is going to be slow.
A komodo dragon and a hydra come into view.
A six-headed hydra comes into view.
The helpless seven-headed hydra fails to defend itself.
You spit the seven-headed hydra like a pig!!!!
You kill the seven-headed hydra!
Dithmenos accepts your kill.
Your Stealth skill increases to level 15!
The komodo dragon hisses angrily.
The six-headed hydra roars!
The six-headed hydra bites you. The six-headed hydra misses you.
The six-headed hydra bites you!
The six-headed hydra closely misses you.
The six-headed hydra completely misses you.
The six-headed hydra misses you.
Cast which spell? (? or * to list)
You blink.
Found a staircase to the Swamp.
The six-headed hydra barely misses you. The six-headed hydra bites you.
The six-headed hydra barely misses you.
The six-headed hydra bites you but does no damage.
The six-headed hydra bites you.
The six-headed hydra closely misses you.
The komodo dragon misses you.
Casting: Blink (safe; 7% risk of failure)
Confirm with . or Enter, or press ? or * to list all spells.
You blink.
Splash!
You fall into the shallow water.
Moving in this stuff is going to be slow.
Why would you want to do that? The komodo dragon closely misses you.
The komodo dragon bites you!!
* * * LOW HITPOINT WARNING * * *
You enter the shallow water.
Moving in this stuff is going to be slow.
The komodo dragon bites you!
* * * LOW HITPOINT WARNING * * *
The komodo dragon bites you!!
You die...

........## ♣♣§§§♣♣♣..♣
#...# .........#
♣≈≈≈♣♣♣..♣♣ #P..#
...<.....## ♣>≈≈♣♣♣♣§§♣
###.. .........P#
♣♣♣♣♣..§§§♣ #..
..........# ♣♣...♣♣♣♣
### ..........###
♣...≈≈≈≈♣ #
...........P♣ ♣♣≈≈≈≈≈≈≈
#
...........♣#♣♣≈lD≈≈≈≈≈
# .........(.♣
♣..@≈≈≈≈≈≈
...........##♣♣..♣♣♣♣♣♣
#####
.................#
###...#
.......#..###P...#
#.....## .#...######
###.## ##.....###
#####.# ##.##
#.......)## ## ##.##
#.......###
#...####.......###
###..##.........P#


You could see a six-headed hydra and a komodo dragon.

Vanquished Creatures
  3 hydras (Lair:2)
  2 two-headed ogres
  A cyclops (D:8)
  4 cane toads (Lair:2)
  4 komodo dragons
  A rime drake (Lair:2)
  6 blink frogs
  4 wyverns
  10 yaks
  A vampire mosquito (D:8)
  2 basilisks
  A steam dragon (D:8)
  A swamp worm (Lair:2)
  8 water moccasins
  3 nagas (Lair:2)
  A sky beast (D:6)
  2 orc warriors
  2 ice beasts
  4 black bears
  2 necrophages
  4 ogres
  13 wolves
  2 centaurs
  A phantom (D:6)
  9 bullfrogs
  A gnoll sergeant (D:7)
  A wyvern zombie (D:8)
  2 wights (D:8)
  2 hounds (D:5)
  5 orc priests
  3 gnoll shamans
  2 jellies
  2 centaur skeletons
  4 iguanas
  4 orc wizards
  12 gnolls
  2 howler monkey skeletons
  12 adders
  2 white imps
  2 worms (D:4)
  A dart slug (D:1)
  16 orcs
  8 endoplasms
  2 giant cockroaches
  8 goblins
  7 hobgoblins
  9 jackals
  8 kobolds
  5 quokkas
  8 ball pythons
  6 bats
  2 frilled lizards
  4 rats
231 creatures vanquished.

Vanquished Creatures (others)
  8 fungi
  20 plants
28 creatures vanquished.

Grand Total: 259 creatures vanquished

Notes
Turn   | Place    | Note
-------+----------+-------------------------------------------
     0 | D:1      | calewdscratch the Kobold Enchanter began the quest for the
                  | Orb.
     0 | D:1      | Reached XP level 1. HP: 10/10 MP: 3/3
   149 | D:1      | Found a faded altar of an unknown god.
   223 | D:1      | Reached XP level 2. HP: 15/15 MP: 5/5
   611 | D:1      | Learned a level 2 spell: Ensorcelled Hibernation
   775 | D:1      | Reached XP level 3. HP: 19/19 MP: 1/6
  1172 | D:1      | Reached skill level 1 in Ice Magic
  1233 | D:1      | Learned a level 3 spell: Confusing Touch
  1813 | D:2      | Reached XP level 4. HP: 24/24 MP: 7/7
  2157 | D:2      | Reached skill level 5 in Stealth
  4097 | D:3      | Noticed a necrophage
  4384 | D:3      | Reached XP level 5. HP: 28/28 MP: 1/8
  4480 | D:3      | Killed a necrophage
  4481 | D:3      | Reached skill level 6 in Stealth
  4481 | D:3      | Reached XP level 6. HP: 28/32 MP: 5/9
  5276 | D:4      | Reached skill level 7 in Stealth
  5329 | D:4      | Noticed an ogre
  5370 | D:4      | Noticed an ogre
  5373 | D:4      | Killed an ogre
  5614 | D:4      | Identified the +5 ring mail of Immorality {-Cast Drain
                  | Str+10 SInv}
  5726 | D:4      | Learned a level 3 spell: Stone Arrow
  5794 | D:4      | Reached XP level 7. HP: 34/36 MP: 0/11
  6349 | D:4      | Found a broken altar of Ashenzari.
  6354 | D:4      | Found a sacrificial altar of Ru.
  6359 | D:4      | Found a bloodstained altar of Trog.
  6408 | D:5      | Entered Level 5 of the Dungeon
  6557 | D:5      | Noticed a water moccasin
  6561 | D:5      | Killed a water moccasin
  6562 | D:5      | Reached skill level 8 in Stealth
  6562 | D:5      | Reached skill level 1 in Conjurations
  6562 | D:5      | Reached skill level 1 in Earth Magic
  6898 | D:5      | Reached XP level 8. HP: 14/41 MP: 6/12
  7198 | D:5      | Reached skill level 5 in Hexes
  7224 | D:5      | Reached skill level 1 in Translocations
  7408 | D:5      | Noticed a two-headed ogre
  8023 | D:6      | Noticed a yak
  8025 | D:6      | Noticed a yak
  8025 | D:6      | Noticed a yak
  8037 | D:6      | Killed a yak
  8039 | D:6      | Killed a yak
  8040 | D:6      | Reached XP level 9. HP: 45/45 MP: 2/13
  8042 | D:6      | Reached skill level 5 in Ice Magic
  8048 | D:6      | Learned a level 2 spell: Blink
  8982 | D:6      | Found a shimmering blue altar of Sif Muna.
  9049 | D:7      | Found a staircase to the Ecumenical Temple.
  9206 | Temple   | Entered the Ecumenical Temple
  9383 | Temple   | Became a worshipper of Dithmenos the Shadowed
 10029 | D:7      | Found Dedd's Distillery.
 10030 | D:7      | Found Paysuilu's Antique Weapon Shoppe.
 10039 | D:7      | Found Goutheda's Jewellery Shoppe.
 10042 | D:7      | Found Ucurolur's Antique Weapon Shoppe.
 10178 | D:7      | Bought a potion of heal wounds for 60 gold pieces
 10886 | D:7      | Reached XP level 10. HP: 21/50 MP: 1/16
 11327 | D:8      | Found a staircase to the Lair.
 11374 | D:8      | Reached skill level 5 in Spellcasting
 11441 | D:8      | Reached skill level 5 in Dodging
 11441 | D:8      | Reached skill level 5 in Conjurations
 11478 | D:8      | Reached skill level 5 in Short Blades
 11566 | D:8      | Reached skill level 5 in Earth Magic
 11610 | D:8      | Reached skill level 1 in Fighting
 12766 | D:8      | Reached * piety under Dithmenos
 13109 | D:8      | Reached skill level 9 in Stealth
 13401 | D:8      | Reached skill level 10 in Stealth
 13428 | D:8      | Noticed a two-headed ogre
 13543 | D:8      | Killed a two-headed ogre
 13544 | D:8      | Reached XP level 11. HP: 51/60 MP: 15/18
 13903 | D:8      | Found a runed translucent door.
 13906 | D:8      | Noticed a cyclops
 13978 | D:8      | Reached skill level 11 in Stealth
 14228 | D:8      | Killed a cyclops
 14451 | D:5      | Killed a two-headed ogre
 14452 | D:5      | Reached skill level 1 in Armour
 14609 | Lair:1   | Entered Level 1 of the Lair of Beasts
 14793 | Lair:1   | Reached skill level 12 in Stealth
 14898 | Lair:1   | Found a blossoming altar of Fedhas.
 14902 | Lair:1   | Noticed an oklob plant
 14902 | Lair:1   | Noticed an oklob plant
 15778 | Lair:2   | Noticed a seven-headed hydra
 15821 | Lair:2   | Noticed a seven-headed hydra
 15860 | Lair:2   | Killed a seven-headed hydra
 15861 | Lair:2   | Reached skill level 13 in Stealth
 15917 | Lair:2   | Noticed a four-headed hydra
 15921 | Lair:2   | Killed a four-headed hydra
 15922 | Lair:2   | Reached XP level 12. HP: 66/66 MP: 19/19
 16325 | Lair:2   | Reached skill level 14 in Stealth
 16572 | Lair:2   | Noticed a four-headed hydra
 16655 | Lair:2   | Identified the +1 robe "Gunij" {+Blink SInv}
 16710 | Lair:2   | Reached ** piety under Dithmenos
 16949 | Lair:2   | Found a staircase to the Snake Pit.
 17052 | Lair:2   | Noticed a seven-headed hydra
 17055 | Lair:2   | Noticed a six-headed hydra
 17056 | Lair:2   | Killed a seven-headed hydra
 17057 | Lair:2   | Reached skill level 15 in Stealth
 17060 | Lair:2   | Found a staircase to the Swamp.
 17072 | Lair:2   | Mangled by a komodo dragon

Illustrated notes

Levels and vault maps discovered:
D:1:      minmay_arrival_hallway, layout_rooms,
          shapermc_ecumenical_altar_mp_urbaneastern, minivault_24
D:2:      layout_basic
D:3:      layout_basic, grunt_ministairs_10, feat_on_display
D:4:      layout_basic, minmay_overflow_temple_star_quad,
          guppyfry_early_lair_pool
D:5:      layout_rooms
D:6:      layout_cave_pods, kennysheep_little_box
D:7:      layout_basic, minmay_temple_entry_statues, minmay_shop_grid_forest
D:8:      minmay_inner_zag, layout_gridville, minmay_lair_entry_grove,
          wad_hexagon
Temple:   regret_index_temple_sphere_string
Lair:1:   layout_cave_pods, hangedman_tree_tricks
Lair:2:   layout_cave_pods, palyth_hydra_swamp_entry,
          guppyfry_snake_entry_island

Skill      XL: |  1  2  3  4  5  6  7  8  9 10 11 12 |
---------------+-------------------------------------+-----
Short Blades   | 2 3 4 6 8 9 |  9.2
Ice Magic      | 1 2 3 4 5 |  5.0
Stealth        | 5 6 7 8 10 13 15 | 15.0
Spellcasting   | 3 4 5 |  5.0
Hexes          | 4 5 |  5.8
Conjurations   | 1 2 4 5 |  5.0
Earth Magic    | 1 2 4 5 |  5.0
Translocations | 2 3 |  3.7
Dodging        | 4 6 7 8 |  8.3
Fighting       | 3 4 |  4.2
Armour         | 2 3 |  3.6

Action                   |  1- 3 |  4- 6 |  7- 9 | 10-12 || total
-------------------------+-------+-------+-------+-------++-------
Melee: Dagger            |    64 |    77 |   145 |   158 ||   444
Throw: Dart              |       |       |     2 |       ||     2
 Cast: Ensorcelled Hiber |    20 |    33 |    52 |    75 ||   180
       Corona            |     3 |     1 |     2 |     8 ||    14
       Confusing Touch   |       |     3 |     6 |    12 ||    21
       Blink             |       |       |     7 |     3 ||    10
       Stone Arrow       |       |       |     1 |    11 ||    12
  Use: Scroll            |       |       |     5 |     3 ||     8
 Stab: Sleeping          |    29 |    40 |    44 |    79 ||   192
       Confused          |       |     3 |     4 |    10 ||    17
Armor: Robe              |     9 |     8 |     9 |     9 ||    35
       Leather armour    |       |       |       |     9 ||     9
Dodge: Dodged            |    42 |    34 |    75 |   142 ||   293
